 Dungeon Crawl Stone Soup version 0.29-a0-322-g68df515428 (webtiles) character file.

Game seed: 9524462182213327177

1779 Flugslaktarn the Tainter (level 9, -6/58 (62) HPs)
             Began as a Human Venom Mage on Apr 5, 2022.
             Was an Initiate of Sif Muna.
             Mangled by a wyvern (10 damage)
             ... on level 4 of the Dungeon.
             The game lasted 00:14:48 (2563 turns).

Flugslaktarn the Tainter (Human Venom Mage)         Turns: 2563, Time: 00:14:48

HP:   -6/58 (62)    AC:  5    Str:  9    XL:     9   Next: 29%
MP:   9/13          EV: 13    Int: 24    God:    Sif Muna [......]
Gold: 242           SH:  5    Dex: 15    Spells: 4/14 levels left

rFire   . . .      SeeInvis .   A - +7 Singing Sword {vorpal, sonic wave}
rCold   + + .      Faith    .   (no shield)
rNeg    . . .      Spirit   .   d - +2 robe {Will+}
rPois   .          Reflect  +   (no helmet)
rElec   .          Harm     .   a - +0 cloak
rCorr   .          Rampage  .   (no gloves)
Will    +....                   (no boots)
Stlth   ++........              k - amulet of reflection
HPRegen 0.19/turn               y - +6 ring of intelligence
MPRegen 0.13/turn               c - ring of protection from cold

@: drained
A: cold resistance 1, wild magic 1, no potion heal 1
a: Renounce Religion


You were on level 4 of the Dungeon.
You worshipped Sif Muna.
Sif Muna was noncommittal.
You visited 2 branches of the dungeon, and saw 7 of its levels.

You collected 242 gold pieces.

Inventory:

Hand Weapons
 e - a +0 short sword
   (You took it off a kobold on level 1 of the Dungeon)
 j - a +0 dagger of venom
   (You took it off a goblin on level 2 of the Dungeon)
 l - a +0 war axe
   (You found it on level 2 of the Dungeon)
 A - the +7 Singing Sword (weapon) {vorpal, sonic wave}
   (You found it on level 6 of the Dungeon)

   It inflicts extra damage upon your enemies.
   It radiates damaging sonic waves as it strikes, especially in combat
   involving dangerous or numerous foes.
 C - the +7 trident "Worm" {vorpal, Int+2}
   (You found it on level 6 of the Dungeon)

   It inflicts extra damage upon your enemies.
   Int:       It affects your intelligence (+2).
Armour
 a - a +0 cloak (worn)
   (You found it on level 5 of the Dungeon)
 d - a +2 robe of willpower (worn)
   (You took it off Jessica on level 2 of the Dungeon)
Jewellery
 c - a ring of protection from cold (right hand)
   (You found it on level 4 of the Dungeon)
 h - an amulet of the acrobat
   (You found it on level 1 of the Dungeon)
 k - an amulet of reflection (around neck)
   (You found it on level 2 of the Dungeon)
 m - a ring of positive energy
   (You found it on level 2 of the Dungeon)
 p - a ring of protection from cold
   (You found it on level 5 of the Dungeon)
 y - a +6 ring of intelligence (left hand)
   (You found it on level 6 of the Dungeon)
 B - an amulet of faith
   (You found it on level 6 of the Dungeon)
Wands
 r - a wand of polymorph (7)
   (You found it on level 6 of the Dungeon)
 w - a wand of acid (6)
   (You found it on level 6 of the Dungeon)
Scrolls
 f - a scroll of fog
 g - a scroll of magic mapping
 n - a scroll of enchant armour
 o - a scroll of blinking {unknown}
 q - 4 scrolls of amnesia {unknown}
 t - a scroll of teleportation
Potions
 b - a potion of magic
 i - 2 potions of attraction
 s - a potion of ambrosia {unknown}
 u - 2 potions of brilliance
 x - 2 potions of lignification
 z - a potion of heal wounds {unknown}


   Skills:
 + Level 2.6 Fighting
 - Level 2.0(2.5) Short Blades
 * Level 2.2(2.6) Long Blades
 + Level 4.3 Dodging
 - Level 2.0 Stealth
 - Level 3.0 Spellcasting
 - Level 2.0 Transmutations
 - Level 2.0 Air Magic
 - Level 8.0 Poison Magic
 + Level 3.5 Invocations
 + Level 3.1 Evocations


You had 4 spell levels left.
You knew the following spells:

 Your Spells              Type           Power      Damage    Failure   Level
a - Sting                 Tmut/Pois      100%       1d8       2%          1
b - Poisonous Vapours     Pois/Air       70%        N/A       3%          2
c - Mephitic Cloud        Conj/Pois/Air  25%        N/A       13%         3
d - Olgreb's Toxic Radia  Pois           53%        N/A       7%          4

Your spell library contained the following spells:

 Spells                   Type           Power      Damage    Failure   Level


Dungeon Overview and Level Annotations

Branches:
Dungeon (6/15)             Temple (1/1) D:6

Altars:
Dithmenos
Elyvilon
Fedhas
Makhleb
Nemelex Xobeh
Sif Muna
Xom

Shops:
D:4 =   D:5 [*


Innate Abilities, Weirdness & Mutations

Your flesh is cold resistant. (rC+)
Your spells are a little harder to cast, but a little more powerful.
Potions are less effective at restoring your health.


Message History

You kill the scorpion!
Sif Muna accepts your kill.
The scorpion stings the fungus.
The scorpion stings the fungus!
Your Long Blades skill increases to level 2!
Your Evocations skill increases to level 3!
A nearby fungus withers and dies.
You slash the scorpion!
The scorpion is almost dead.
The scorpion stings you. The scorpion closely misses you.
You slash the scorpion!
The Singing Sword tunes itself.
You send a blast of sound all around you.
The plant is blasted.
The plant begins to die.
The plant is lightly damaged.
You kill the scorpion!
Sif Muna accepts your kill.
Found 19 gold pieces.
You now have 242 gold pieces (gained 19).
Found an escape hatch in the ceiling.
Found a thick citrine amulet.
Found a stone staircase leading down.
B - an amulet of faith
Okay, then.
A wight comes into view. It is wielding a +0 falchion.
You closely miss the wight. The wight hits you with a +0 falchion!
You feel drained.
As you read the scroll of teleportation, it crumbles to dust.
You feel strangely unstable.
Unknown command.
Unknown command.
Unknown command.
The wight attacks as you move away! The wight hits you with a +0 falchion!
* * * LOW HITPOINT WARNING * * *
You feel drained.
* * * LOW HITPOINT WARNING * * *
Unknown command.
Okay, then.
You barely miss the wight.
Your surroundings suddenly seem different.
Found 30 stones.
Unknown command.
Found a slimy trident and 3 poisoned darts.
You open the door.
C - the +7 trident "Worm" {vorpal, Int+2}
Found 22 stones.
Found a hunting sling.
You see here a +0 hunting sling.
There is a stone staircase leading up here.
You climb upwards.
There is a stone staircase leading down here.
There is a stone staircase leading down here.
There is a strange disturbance nearby!
Something hits you!
* * * LOW HITPOINT WARNING * * *
Deactivating autopickup; reactivate with Ctrl-A.
Unknown command.
Unknown command.
You can't see any enemies this would affect, really read the scroll of fear?
As you read the scroll of fear, it crumbles to dust.
You assume a fearsome visage.
Unknown command.
Something hits you.
* * * LOW HITPOINT WARNING * * *
Something hits you.
* * * LOW HITPOINT WARNING * * *
Something hits you!
* * * LOW HITPOINT WARNING * * *
There is a stone staircase leading up, spattered with blood here.
Unknown command.
You can't see any enemies this would affect, really read the scroll of fear?
As you read the scroll of fear, it crumbles to dust.
You assume a fearsome visage.
Unknown command.
You climb upwards.
Reactivating autopickup.
There is a stone staircase leading down here.
Unknown command.
The orc shouts!
You hear a shout!
The orc throws a boomerang.
The boomerang hits you but does no damage.
The orc throws a boomerang.
The boomerang barely misses you.
Things that are here:
a +0 robe; a +0 dagger You see here a +0 hand axe.
You see here a +0 club.
Casting: Sting (safe; 2% risk of failure)
Confirm with . or Enter, or press ? or * to list all spells.
You begin to radiate toxic energy.
The orc is poisoned.
The wyvern hisses angrily.
The wyvern is poisoned.
You block the orc's attack.
Unknown command.
The wyvern looks even sicker.
Unknown command.
You slash the wyvern!
The wyvern is almost dead.
You kill the orc!
Sif Muna accepts your kill.
The wyvern looks even sicker.
Your toxic aura wanes.
The wyvern closely misses you. The wyvern bites you!
You die...

.........o.##.# #.#
##...##.##.##.#########
#.#
##.###..o.o[..).......
#.# #.#
####.##o########.# #.#
#.# #.##.# #...#.# #.#
#.# #.##.###......# #.#
##.######.##.[).(......
#.#
#....>.......##)l......
#.#############@.......
# ##......# #...#.#
#### #


You could see a wyvern (very poisoned).

Vanquished Creatures
  2 phantoms
  Blork the orc (D:4)
  A bullfrog (D:6)
  11 scorpions
  A gnoll sergeant (D:6)
  A wight (D:6)
  A howler monkey (D:6)
  4 hounds
  Crazy Yiuf (D:4)
  3 orc priests
  Jessica (D:2)
  An iguana (D:4)
  Natasha (thrice) (D:4)
  7 orc wizards
  8 gnolls
  2 adders
  An ufetubus (D:6)
  A worm (D:2)
  A dart slug (D:4)
  15 orcs
  A ball python (D:4)
  An endoplasm (D:1)
  A giant cockroach (D:2)
  5 goblins
  8 jackals
  4 kobolds
  3 quokkas
  8 bats
  2 rats
99 creatures vanquished.

Vanquished Creatures (others)
  4 fungi (D:6)
  4 plants
8 creatures vanquished.

Grand Total: 107 creatures vanquished

Notes
Turn   | Place    | Note
-------+----------+-------------------------------------------
     0 | D:1      | Flugslaktarn the Human Venom Mage began the quest for the
                  | Orb.
     0 | D:1      | Reached XP level 1. HP: 13/13 MP: 3/3
   171 | D:2      | Reached XP level 2. HP: 9/19 MP: 3/5
   191 | D:2      | Learned a level 2 spell: Poisonous Vapours
   372 | D:2      | Reached skill level 1 in Air Magic
   372 | D:2      | Reached XP level 3. HP: 10/24 MP: 2/6
   490 | D:3      | Noticed an ogre
   510 | D:2      | Noticed Jessica
   517 | D:2      | Killed Jessica
   518 | D:2      | Reached XP level 4. HP: 4/30 MP: 2/7
   831 | D:4      | Reached XP level 5. HP: 28/35 MP: 5/9
   861 | D:4      | Reached skill level 4 in Poison Magic
   885 | D:5      | Entered Level 5 of the Dungeon
   903 | D:4      | Noticed Natasha
   909 | D:4      | Killed Natasha
   914 | D:4      | Noticed Natasha
   928 | D:4      | Killed Natasha
   931 | D:4      | Found Ocudah's Jewellery Shop.
   965 | D:4      | Noticed Natasha
   986 | D:4      | Killed Natasha
   987 | D:4      | Reached XP level 6. HP: 14/41 MP: 1/10
  1043 | D:4      | Reached skill level 5 in Poison Magic
  1071 | D:4      | Noticed Blork the orc
  1143 | D:5      | Reached skill level 6 in Poison Magic
  1160 | D:5      | Reached XP level 7. HP: 30/46 MP: 3/11
  1195 | D:5      | Gained mutation: You possess an exceptional clarity of
                  | mind. [potion of mutation]
  1195 | D:5      | Gained mutation: You sometimes lose the ability to read
                  | scrolls when taking damage. [potion of mutation]
  1238 | D:5      | Lost mutation: You sometimes lose the ability to read
                  | scrolls when taking damage. [potion of mutation]
  1238 | D:5      | Lost mutation: You possess an exceptional clarity of mind.
                  | [potion of mutation]
  1238 | D:5      | Gained mutation: Your flesh is cold resistant. (rC+)
                  | [potion of mutation]
  1238 | D:5      | Gained mutation: Your spells are a little harder to cast,
                  | but a little more powerful. [potion of mutation]
  1238 | D:5      | Gained mutation: Potions are less effective at restoring
                  | your health. [potion of mutation]
  1264 | D:5      | unseen horror on d:5. fair
  1285 | D:5      | Found Ujepakk's Fire Supplies.
  1302 | D:5      | HP: 2/46 [orc priest/divine providence (14)]
  1313 | D:5      | Learned a level 3 spell: Mephitic Cloud
  1316 | D:5      | HP: 1/46 [orc/+0 flail (7)]
  1323 | D:5      | Reached skill level 7 in Poison Magic
  1413 | D:5      | Reached skill level 1 in Fighting
  1413 | D:5      | Reached skill level 1 in Short Blades
  1489 | D:4      | Found a runed translucent door.
  1490 | D:4      | Noticed Crazy Yiuf
  1500 | D:4      | Killed Crazy Yiuf
  1570 | D:4      | Learned a level 4 spell: Olgreb's Toxic Radiance
  1678 | D:4      | Killed Blork the orc
  1679 | D:4      | Reached XP level 8. HP: 20/56 MP: 3/12
  1692 | D:4      | Noticed a wyvern
  1918 | D:5      | Found Heracles's Dragon-Slaying Spoils.
  2050 | D:6      | Reached skill level 8 in Poison Magic
  2063 | D:6      | Found a staircase to the Ecumenical Temple.
  2077 | Temple   | Entered the Ecumenical Temple
  2128 | Temple   | Became a worshipper of Sif Muna the Loreminder
  2296 | D:6      | Reached skill level 1 in Invocations
  2296 | D:6      | Reached skill level 1 in Evocations
  2323 | D:6      | Reached XP level 9. HP: 23/61 MP: 1/13
  2331 | D:6      | Found the +7 Singing Sword {vorpal, sonic wave}
  2395 | D:6      | Reached skill level 1 in Long Blades
  2486 | D:6      | Identified the +7 trident "Worm" {vorpal, Int+2}
  2546 | D:5      | HP: 1/58 [something (9)]
  2563 | D:4      | Mangled by a wyvern

Illustrated notes

#.#.# #.###. .. #.#
#...'. # #.# ###.## #.#
#... #.# ###. #.# ##
#######.###
########.).......#
#.....@....###.#.##
#.######...##.....#####
#####........>..
##...#.##### ##.#.##
#.### #.# #+#


Turn 1264 on D:5: unseen horror on d:5. fair

Levels and vault maps discovered:
D:1:      minmay_arrival_nine_rooms, layout_loops_ring,
          ebering_ecumenical_altar_petrified
D:2:      mumra_celtic_spiral_tile, layout_basic, uniq_jessica
D:3:      layout_rooms, st_stairs_14, serial_bayou_ford_a, uniq_grinder,
          uniq_ijyb
D:4:      layout_loops_ring, serial_shops, kennysheep_mini, uniq_blork_the_orc,
          uniq_natasha, uniq_crazy_yiuf_cottage
D:5:      nicolae_cairo_tiling_large, layout_loops_corners,
          nicolae_shop_fire_sale [nicolae_sub_dead_trees],
          nicolae_shop_dragon_depot, uniq_duvessa
D:6:      old_forge, layout_basic, minmay_temple_entry_ruins
Temple:   mainiacjoe_temple_hex_bubbles

Skill      XL: |  1  2  3  4  5  6  7  8  9 |
---------------+----------------------------+-----
Transmutations | 2 |  2.0
Air Magic      | 1 2 |  2.0
Spellcasting   | 3 |  3.0
Poison Magic   | 4 6 7 8 |  8.0
Fighting       | 2 |  2.6
Short Blades   | 2 |  2.0
Dodging        | 4 |  4.3
Invocations    | 2 3 |  3.5
Evocations     | 2 3 |  3.1
Long Blades    | 2 |  2.2
Stealth        | |  2.0

Action                   |  1- 3 |  4- 6 |  7- 9 || total
-------------------------+-------+-------+-------++-------
Melee: Short sword       |     2 |       |       ||     2
       Unarmed           |     2 |       |       ||     2
       Dagger            |    22 |    37 |    79 ||   138
       Double sword      |       |       |    11 ||    11
 Cast: Sting             |    26 |    38 |    28 ||    92
       Poisonous Vapours |       |     7 |     8 ||    15
       Olgreb's Toxic Ra |       |       |    11 ||    11
       Mephitic Cloud    |       |       |     2 ||     2
Evoke: Wand              |       |       |     4 ||     4
  Use: Scroll            |     3 |     2 |     9 ||    14
       Potion            |       |     1 |     6 ||     7
 Stab: Confused          |       |       |     2 ||     2
Armor: Robe              |     5 |    10 |    37 ||    52
Dodge: Dodged            |    42 |    28 |    73 ||   143
Block: Other             |       |     5 |    29 ||    34

Table legend: (Time is in decaauts)
 A = Elapsed time spent in this place.
 B = Non-inter-level travel time spent in this place.
 C = Inter-level travel time spent in this place.
 D = Time resting spent in this place.
 E = Time spent auto-exploring this place.
 F = Levels seen in this place.
 G = Mean time per level.
                   A        B        C        D        E       F      G
               +--------+--------+--------+--------+--------+-----+--------+
         Total |   2577 |   2394 |    183 |      0 |      0 |   7 |  368.1 |
       Dungeon |   2489 |   2336 |    153 |      0 |      0 |   6 |  414.8 |
        Temple |     88 |     58 |     30 |      0 |      0 |   1 |   88.0 |
               +--------+--------+--------+--------+--------+-----+--------+

Top non-repeatable levels by time:
     D:5: 734 daAuts
     D:4: 535 daAuts
     D:2: 507 daAuts
     D:6: 391 daAuts
     D:1: 238 daAuts
  Temple: 88 daAuts
     D:3: 81 daAuts
